 Dungeon Crawl Stone Soup version 0.31.0-11-ge490571c62 (webtiles) character file.

Game seed: 11913638229792309320

1485 Couri the Fighter (level 8, -2/92 HPs)
             Began as an Oni Warper on Feb 8, 2024.
             Was an Initiate of the Shining One.
             Succumbed to a killer bee's poison
             ... on level 7 of the Dungeon on Feb 9, 2024.
             The game lasted 00:20:07 (8349 turns).

Couri the Fighter (Oni Warper)                      Turns: 8349, Time: 00:20:08

Health: -2/92      AC:  3    Str: 18    XL:     8   Next: 79%
Magic:  11/11      EV: 10    Int: 14    God:    the Shining One [......]
Gold:   284        SH:  0    Dex: 14    Spells: 9/11 levels left

rFire   . . .        p - +0 great sword
rCold   . . .        (shield currently unavailable)
rNeg    . . .        b - +0 robe
rPois   .            (helmet restricted)
rElec   .            (no cloak)
rCorr   .            (gloves unavailable)
SInv    .            (boots unavailable)
Will    .....        m - amulet of magic regeneration
Stlth   +            w - +6 ring of dexterity
HPRegen 0.35/turn    (no ring)
MPRegen 0.52/turn

%: no passive effects
@: lethally poisoned (-2 -> -12), about to teleport, glowing
A: large, unfitting armour, horns 1, tough skin 1, double potion healing,
drunken brawling
a: Renounce Religion


You were on level 7 of the Dungeon.
You worshipped the Shining One.
The Shining One was noncommittal.
You visited 2 branches of the dungeon, and saw 8 of its levels.

You collected 284 gold pieces.

Inventory:

Hand Weapons
 e - a +0 war axe
 h - a +0 flail
 l - a +2 whip of venom
 p - a +0 great sword (weapon)
 u - a +3 hand axe
Missiles
 d - 7 darts of dispersal (quivered)
 o - 4 large rocks
 x - 15 poisoned darts
Armour
 b - a +0 robe (worn)
Magical Staves
 q - a staff of fire
Jewellery
 m - an amulet of magic regeneration (around neck)
 w - a +6 ring of dexterity (left hand)
 D - a ring of protection from fire
Wands
 c - a wand of light (3)
 g - a wand of charming (16)
 C - a wand of flame (24)
Scrolls
 a - a scroll of poison {unknown}
 i - 2 scrolls of noise
 j - a scroll of identify
 n - a scroll of fear {unknown}
 r - 2 scrolls of vulnerability {unknown}
 s - a scroll of enchant weapon {unknown}
 y - a scroll of brand weapon {unknown}
 E - a scroll of enchant armour {unknown}
 F - a scroll of torment {unknown}
 H - 4 scrolls of fog {unknown}
Potions
 k - 2 potions of degeneration
 v - a potion of cancellation {unknown}
 z - 2 potions of attraction
 A - a potion of mutation {unknown}
 B - a potion of haste {unknown}


   Skills:
 * Level 9.2 Fighting
 * Level 5.4 Long Blades
 - Level 3.2 Maces & Flails
 - Level 1.0 Throwing
 + Level 4.1 Armour
 - Level 2.1 Dodging
 - Level 2.4 Spellcasting
 - Level 2.6 Translocations


You had 9 spell levels left.
You knew the following spells:

 Your Spells              Type           Power      Damage    Failure   Level
a - Blink                 Tloc           18%        N/A       12%         2

Your spell library contained the following spells:

 Spells                   Type           Power      Damage    Failure   Level
 Lesser Beckoning         Tloc           18%        N/A       12%         2
 Freeze                   Ice            4%         1d3       22%         1
 Shock                    Conj/Air       4%         1d3       22%         1
 Teleport Other           Tloc           9%         N/A       22%         3
 Hailstorm                Conj/Ice       1%         3d5       56%         3
 Swiftness                Air            1%         N/A       56%         3
 Manifold Assault         Tloc           9%         N/A       58%         4
 Vhi's Electric Charge    Tloc/Air       10%        N/A       78%         4
 Airstrike                Air            0%         2d(1-17)  92%         4
 Conjure Ball Lightning   Conj/Air       0%         3x3d6     100%        6
 Chain Lightning          Conj/Air       0%         2d1       100%        9


Dungeon Overview and Level Annotations

Branches:
Dungeon (7/15)             Temple (1/1) D:6

Altars:
Ashenzari
Cheibriados
Dithmenos
Elyvilon
Gozag
Hepliaklqana
Kikubaaqudgha
Nemelex Xobeh
Qazlal
Ru
Sif Muna
Uskayaw
Vehumet
Wu Jian
Xom
Yredelemnul
The Shining One


Innate Abilities, Weirdness & Mutations

You are too large for most types of armour.
You have a pair of small horns on your head.
You have tough skin. (AC +1)
You gain doubled healing and magic from potions.
Whenever you drink a healing potion, you attack all around you.


Message History

The water moccasin bites you. The killer bee stings you.
You feel very sick. The water moccasin misses you. The killer bee stings you.
The water moccasin bites you but does no damage.
You feel very sick. The killer bee stings you.
* * * LOW HITPOINT WARNING * * *
As you read the scroll labelled TABRI VYICO, it crumbles to dust.
It is a scroll of amnesia.
Okay, then.
You feel sick. The killer bee barely misses you.
The killer bee stings you but does no damage.
Okay, then.
You take a swig of the potion and twirl your +0 great sword.
You closely miss the killer bee.
You savour every drop.
You feel better. The killer bee misses you. The killer bee stings you!
Okay, then.
The killer bee barely misses you.
The killer bee attacks as it pursues you!
The killer bee stings you.
The killer bee stings you but does no damage.
The killer bee closely misses you. The killer bee stings you.
You are poisoned.
The killer bee poisons you!
You feel very sick. The killer bee stings you!
* * * LOW HITPOINT WARNING * * *
You feel sick.
The killer bee attacks as it pursues you!
The killer bee closely misses you. The killer bee stings you!
* * * LOW HITPOINT WARNING * * *
You feel sick. The killer bee stings you!
* * * LOW HITPOINT WARNING * * *
You are more poisoned.
The killer bee poisons you!
Okay, then.
As you read the scroll labelled IHAHIO QIEF, it crumbles to dust.
You feel strangely unstable.
It was a scroll of teleportation.
You die...

# #.##.# #.##.##.#
#......<# ####.####
#.# ####.#### .#
#.......# ...
####.......# )..
..#...@...# ###.#
#.#..Sy...# .
#.....#.#......^##..
#..⌠..#.....D....'..
..⌠⌠⌠...#.......##..
#..⌠..#.####..### .
#.... #.......# ###.
###D###.# ..
#.....#.#


You could see a water moccasin, an acid dragon and a killer bee.

Vanquished Creatures
  A wyvern (D:7)
  Menkaure (D:4)
  2 sky beasts (D:6)
  2 phantoms
  A bullfrog (D:7)
  4 scorpions
  2 bombardier beetles
  3 jellies (D:5)
  2 orc priests
  2 hounds
  2 sleepcaps
  Jessica (D:2)
  An orc wizard (D:5)
  6 adders
  2 shadow imps
  A white imp (D:5)
  2 ufetubi (D:5)
  5 dart slugs
  2 ribbon worms
  21 orcs
  6 bats
  8 endoplasms
  A giant cockroach (D:1)
  6 goblins
  5 hobgoblins
  8 quokkas
  7 ball pythons
  5 frilled lizards
  5 kobolds
  8 rats
122 creatures vanquished.

Notes
Turn   | Place    | Note
-------+----------+-------------------------------------------
     0 | D:1      | Couri the Oni Warper began the quest for the Orb.
     0 | D:1      | Reached XP level 1. HP: 22/22 MP: 3/3
    59 | D:1      | Reached skill level 3 in Fighting
   138 | D:1      | Reached XP level 2. HP: 24/31 MP: 5/5
   440 | D:1      | Reached XP level 3. HP: 18/37 MP: 6/6
   669 | D:1      | Got the Elucidation of Voltage and the Wendigo
   673 | D:1      | Learned a level 2 spell: Blink
  1036 | D:2      | Noticed Jessica
  1047 | D:2      | Killed Jessica
  1048 | D:2      | Reached skill level 4 in Fighting
  1048 | D:2      | Reached skill level 1 in Armour
  1048 | D:2      | Reached XP level 4. HP: 18/48 MP: 7/7
  1792 | D:3      | Found a faded altar of an unknown god.
  2390 | D:3      | Reached XP level 5. HP: 42/55 MP: 8/8
  3205 | D:4      | Reached skill level 1 in Long Blades
  3334 | D:3      | Reached skill level 5 in Fighting
  3532 | D:4      | Noticed Menkaure
  4220 | D:4      | Reached XP level 6. HP: 57/67 MP: 9/9
  4690 | D:4      | Killed Menkaure
  4691 | D:4      | Reached skill level 6 in Fighting
  4953 | D:4      | Reached XP level 7. HP: 76/76 MP: 10/10
  5169 | D:5      | Entered Level 5 of the Dungeon
  5529 | D:4      | Reached skill level 7 in Fighting
  6678 | D:5      | Reached XP level 8. HP: 78/88 MP: 11/11
  7267 | D:6      | Found a staircase to the Ecumenical Temple.
  7431 | D:6      | Reached skill level 8 in Fighting
  8094 | Temple   | Entered the Ecumenical Temple
  8100 | Temple   | Became a worshipper of the Shining One
  8154 | D:7      | Noticed a wyvern
  8159 | D:7      | Killed a wyvern
  8160 | D:7      | Reached skill level 5 in Long Blades
  8285 | D:7      | Reached skill level 9 in Fighting
  8348 | D:7      | HP: 1/92 [killer bee (8)]
  8349 | D:7      | Succumbed to a killer bee's poison

Illustrated notes

Levels and vault maps discovered:
D:1:      minmay_arrival_three_doors, layout_basic, hex_intersection,
          chequers_serial_rivers_large_a
D:2:      cheibrodos_old_hovel, layout_loops_corners, kennysheep_generic_room_7,
          uniq_jessica
D:3:      layout_basic, shapermc_ecumenical_altar_mp_highgroup, minmay_circle_x
D:4:      layout_layer_cave, cheibrodos_sewer_entry_bend, uniq_menkaure
D:5:      layout_basic, grunt_decor_one_mirror, nicolae_titane
D:6:      layout_loops_corners, minmay_temple_entry_slanted
D:7:      layout_loops_corners, hangedman_decor_clover_reticule,
          minmay_chambers_of_fives
Temple:   sentei_temple_godly_chess

Skill      XL: |  1  2  3  4  5  6  7  8 |
---------------+-------------------------+-----
Fighting       | 3 4 5 6 7 9 |  9.2
Maces & Flails | 3 |  3.2
Armour         | 1 2 3 4 |  4.1
Long Blades    | 2 4 5 |  5.4
Throwing       | |  1.0
Dodging        | |  2.1
Spellcasting   | |  2.4
Translocations | |  2.6

Action                     |  1- 3 |  4- 6 |  7- 9 || total
---------------------------+-------+-------+-------++-------
  Melee: Mace              |    64 |       |       ||    64
         Headbutt          |    14 |    25 |    23 ||    62
         Punch             |     1 |       |       ||     1
         Flail             |    17 |    30 |       ||    47
         Great sword       |       |   171 |   120 ||   291
    Use: Scroll            |       |     3 |     6 ||     9
         Potion            |       |     5 |     4 ||     9
   Stab: Sleeping          |       |       |     2 ||     2
 Armour: Robe              |    71 |   246 |   134 ||   451
  Dodge: Dodged            |    35 |   168 |    96 ||   299
